 Dungeon Crawl Stone Soup version 0.17-a0-1516-gf76066c (webtiles) character file.

37 Falacy the Grasshopper (level 3, 0/18 HPs)
             Began as a Spriggan Warper on July 13, 2015.
             Slain by a giant gecko (2 damage)
             ... on level 1 of the Dungeon.
             The game lasted 00:08:34 (1363 turns).

Falacy the Grasshopper (Spriggan Warper)            Turns: 1363, Time: 00:08:34

Health: 0/18       AC:  2    Str:  7    XL:     3   Next: 23%
Magic:  6/8        EV: 18    Int: 14    God:
Gold:   59         SH:  0    Dex: 16    Spells: 4 memorised, 0 levels left

rFire  . . .     SeeInvis +     a - +0 short sword
rCold  . . .     Clarity  .     b - +0 robe
rNeg   . . .     SustAt   .     (shield restricted)
rPois  .         Gourm    .     (helmet restricted)
rElec  .         Spirit   .     (no cloak)
rCorr  .         Warding  .     (gloves unavailable)
rMut   .         Stasis   .     (boots unavailable)
MR     .....                    (no amulet)
Stlth  ++........               (no ring)
                                (no ring)

@: very quick, not resistant to hostile enchantments, unstealthy
A: unfitting armour, see invisible, herbivore 3, speed 3, slow metabolism 2
a: no special abilities


You were on level 1 of the Dungeon.
You were not hungry.

You visited 1 branch of the dungeon, and saw 1 of its levels.

You collected 59 gold pieces.

Inventory:

Hand weapons
 a - a +0 short sword (weapon)
Armour
 b - a +0 robe (worn)
 i - a +0 leather armour
Scrolls
 d - a scroll of blinking
 e - a scroll of remove curse {unknown}
 g - a scroll of immolation {unknown}
Potions
 h - a potion of brilliance {unknown}
Books
 c - a book of Spatial Translocations

   Spells                             Type                      Level
   a - Apportation                    Translocation                1
   b - Blink                          Translocation                2
   c - Shroud of Golubria             Charms/Translocation         2
   d - Portal Projectile              Translocation                3
   e - Teleport Other                 Translocation                3
   f - Passage of Golubria            Translocation                4
Comestibles
 f - a bread ration
 j - 3 fruits


   Skills:
 - Level 1.5 Fighting
 + Level 2.4 Short Blades
 - Level 1.1 Throwing
 - Level 3.5 Dodging
 + Level 2.1 Stealth
 * Level 3.4 Spellcasting
 + Level 5.1 Translocations


You couldn't memorise any spells.
You knew the following spells:

 Your Spells              Type           Power        Failure   Level  Hunger
a - Apportation           Tloc           ###.......   2%          1    #......
b - Blink                 Tloc           N/A          4%          2    ##.....
c - Shroud of Golubria    Chrm/Tloc      #.........   14%         2    ##.....
d - Portal Projectile     Tloc           ###...       10%         3    ###....


Dungeon Overview and Level Annotations

Branches:
Dungeon (1/15)

Altars:


Innate Abilities, Weirdness & Mutations

You are tiny and cannot use many weapons and most armour.
You have supernaturally acute eyesight.
You are a herbivore.
You cover ground extremely quickly.
You need consume almost no food.


Message History

The giant gecko misses you.
You completely miss the giant gecko.
The giant gecko is severely wounded.
The giant gecko closely misses you.
You completely miss the giant gecko.
The giant gecko is severely wounded.
The giant gecko misses you.
You closely miss the giant gecko.
The giant gecko is severely wounded.
The giant gecko misses you.
You closely miss the giant gecko.
The giant gecko is severely wounded.
The giant gecko closely misses you. x2
You hit the giant gecko but do no damage.
The giant gecko is severely wounded.
The giant gecko barely misses you.
You closely miss the giant gecko.
The giant gecko is severely wounded.
The giant gecko bites you.
You die...

#.+....+...#.†# #.#
#.. #.++++++##.#...#
#.# #..
#..........#.>.# #.#
#..
#.#####.####....#
#.# #..
#.##..#.####..#.# #.
###
..##..#....#..#.###
.###).####.#......
....†......#...#.###
####..##.#.#...l@..+
##....##.#.#.#.##.##
##.##.##.#.# #. #.#
.#.##.##.#.#
#.##'#####
.#.##.##.#.#
#........#
.#.##.##.#.#
#........#
.#.##.##.#.#
#........#
.#.##.##.#.#
#........#
.#.#..##.#.#
#.####'### #######


You could see a giant gecko.

Vanquished Creatures
  An ooze (D:1)
  A giant gecko (D:1)
  4 giant cockroaches (D:1)
  4 goblins (D:1)
  2 hobgoblins (D:1)
  4 jackals (D:1)
  A ball python (D:1)
  6 bats (D:1)
  2 giant newts (D:1)
  A kobold (D:1)
  6 rats (D:1)
32 creatures vanquished.

Notes
Turn   | Place    | Note
--------------------------------------------------------------
     0 | D:1      | Falacy the Spriggan Warper began the quest for the Orb.
     0 | D:1      | Reached XP level 1. HP: 10/10 MP: 5/5
   163 | D:1      | Reached skill level 1 in Stealth
   199 | D:1      | Reached XP level 2. HP: 7/14 MP: 7/7
   204 | D:1      | Learned a level 2 spell: Blink
   207 | D:1      | Learned a level 2 spell: Shroud of Golubria
  1180 | D:1      | Reached XP level 3. HP: 12/18 MP: 8/8
  1301 | D:1      | Reached skill level 5 in Translocations
  1338 | D:1      | Learned a level 3 spell: Portal Projectile
  1363 | D:1      | Slain by a giant gecko

Vault maps used:
D:1:      lightli_arrival_maybe_door_vault, serial_park_tiny_1

Action                   || total
-------------------------++-------
Melee: Short sword       ||   133
Throw: Tomahawk          ||     5
 Cast: Blink             ||     3
       Shroud of Golubri ||     1
       Portal Projectile ||     1
 Stab: Sleeping          ||     5
       Distracted        ||     1
